 Dungeon Crawl Stone Soup version 0.30-a0-134-gb40fab5c76 (webtiles) character file.

Game seed: 13512504792962130653

195025 freelancePsychic the Warrior (level 17, -2/151 HPs)
             Began as a Demonspawn Wanderer on Sept 19, 2022.
             Was the Champion of Jiyva.
             Succumbed to a nagaraja's poison arrow
             ... on level 4 of the Snake Pit.
             The game lasted 00:53:48 (20849 turns).

freelancePsychic the Warrior (Demonspawn Wanderer) Turns: 20849, Time: 00:53:49

Health: -2/151     AC: 14    Str: 22    XL:     17   Next: 69%
Magic:  17/17      EV: 30    Int:  8    God:    Jiyva [******]
Gold:   1538       SH:  4    Dex: 32    Spells: 16/16 levels left

rFire   + + +      SeeInvis +    X - +4 arbalest (flame)
rCold   + + .      Faith    .    (shield currently unavailable)
rNeg    + + .      Spirit   .    Z - +2 troll leather armour {Snorg}
rPois   .          Reflect  .    (helmet unavailable)
rElec   +          Harm     .    x - +2 cloak
rCorr   +          Rampage  .    y - +2 pair of gloves {Str+3}
Will    +....                    (no boots)
Stlth   +++++++...               O - amulet of Amiple {RegenMP rF++ rC+ rCorr}
HPRegen 2.75/turn                q - +6 ring of strength
MPRegen 1.05/turn                R - ring of Ignis, Scorching {rElec rPois rN++ Str+4 Int-4}

@: lethally poisoned (-2 -> -15), weakened, poison vulnerable, calling ooze
A: horns 3, thin skeletal structure 3, demonic guardian 3, condensation shield,
fangs 3, hooves 1, see invisible, cold resistance 1, fire resistance 3, shaggy
fur 1, eyeballs 1, translucent skin 1, evolution 1, MP-powered wands, engulf
}: 1/15 runes: slimy
a: Renounce Religion, Oozemancy, Slimify


You were on level 4 of the Snake Pit.
You worshipped Jiyva.
Jiyva was exalted by your worship.
You visited 6 branches of the dungeon, and saw 32 of its levels.
You visited the Abyss 1 time.
You also visited: Bailey and Ice Cave.

You collected 1935 gold pieces.
You spent 397 gold pieces at shops.

Inventory:

Hand Weapons
 b - a +2 longbow of freezing
 X - a +4 arbalest of flaming (weapon)
Armour
 a - +0 fire dragon scales
 h - a scarf of repulsion
 r - a +0 buckler of cold resistance
 v - the +0 pair of boots of the Stallion {-Tele Rampage rN+ Int+5}
   (You found it on level 5 of the Dungeon)

   Int:       It affects your intelligence (+5).
   rN:        It protects you from negative energy.
   -Tele:     It prevents most forms of teleportation.
   Rampage:   It bestows one free step when moving towards enemies.
 x - a +2 cloak (worn)
 y - a +2 pair of gloves of strength (worn)
 N - a +0 kite shield
 S - +0 steam dragon scales
 W - the +1 pair of gloves "Moinushri" {+Blink rElec rC+ Stlth+}
   (You found it on level 2 of the Snake Pit)

   rC:        It protects you from cold.
   rElec:     It insulates you from electricity.
   +Blink:    It lets you blink.
   Stlth:     It makes you more stealthy.
 Z - a +2 troll leather armour (worn) {Snorg}
Jewellery
 e - the ring of Loete {rC++ Will- rCorr Int+6 SInv}
   (You found it on level 5 of the Pits of Slime)

   [ring of intelligence]

   Int:       It affects your intelligence (+6).
   rC:        It greatly protects you from cold.
   SInv:      It lets you see invisible.
   rCorr:     It protects you from acid and corrosion.
   Will:      It decreases your willpower.
 m - an amulet of reflection
 q - a +6 ring of strength (left hand)
 O - the amulet of Amiple (around neck) {RegenMP rF++ rC+ rCorr}
   (You found it on level 5 of the Pits of Slime)

   [amulet of magic regeneration]

   It increases your rate of magic regeneration.
   rF:        It greatly protects you from fire.
   rC:        It protects you from cold.
   rCorr:     It protects you from acid and corrosion.
 R - the ring of Ignis, Scorching (right hand) {rElec rPois rN++ Str+4 Int-4}
   (You found it on level 5 of the Pits of Slime)

   [ring of poison resistance]

   Str:       It affects your strength (+4).
   Int:       It affects your intelligence (-4).
   rElec:     It insulates you from electricity.
   rPois:     It protects you from poison.
   rN:        It greatly protects you from negative energy.
Wands
 j - a wand of charming (31)
 o - a wand of iceblast (2)
 s - a wand of flame (41)
 C - a wand of digging (8)
 J - a wand of mindburst (14)
 U - a wand of acid (2)
 V - a wand of polymorph (13)
Scrolls
 c - a scroll of fear
 g - 6 scrolls of teleportation {@r4}
 i - 4 scrolls of magic mapping
 k - 2 scrolls of silence
 p - 2 scrolls of noise
 D - 4 scrolls of amnesia
 G - 2 scrolls of immolation
 K - 2 scrolls of blinking
 L - 6 scrolls of butterflies
 M - 2 scrolls of enchant armour
 Q - 4 scrolls of poison
Potions
 d - a potion of magic
 f - 2 potions of haste {@q3}
 l - 6 potions of degeneration
 t - a potion of berserk rage
 u - 3 potions of flight
 w - 2 potions of invisibility
 z - 8 potions of curing {@q1}
 A - 5 potions of might
 B - 7 potions of cancellation
 E - 2 potions of attraction {unknown}
 F - 6 potions of heal wounds {@q2}
 H - 3 potions of mutation {unknown}
 I - 10 potions of ambrosia
 P - 3 potions of resistance {unknown}
 T - 4 potions of lignification {unknown}
 Y - 3 potions of brilliance
Miscellaneous
 n - a phantom mirror


   Skills:
 + Level 18.4 Fighting
 - Level 3.6 Axes
 - Level 18.2 Ranged Weapons
 - Level 7.0 Armour
 + Level 15.5 Dodging
 - Level 4.0 Stealth


You had 16 spell levels left.
You didn't know any spells.
Your spell library contained the following spells:

 Spells                   Type           Power      Damage    Failure   Level
 Sandblast                Erth           0%         2d4       43%         1
 Blink                    Tloc           0%         N/A       58%         2
 Passwall                 Tmut/Erth      0%         N/A       58%         2
 Static Discharge         Conj/Air       0%         2-2/arc   58%         2
 Sublimation of Blood     Necr           0%         N/A       58%         2
 Wereblood                Tmut           0%         N/A       58%         2
 Gell's Gravitas          Tloc           0%         N/A       82%         3
 Lesser Beckoning         Tloc           0%         N/A       82%         3
 Ozocubu's Armour         Ice            0%         N/A       82%         3
 Stone Arrow              Conj/Erth      0%         3d7       82%         3
 Teleport Other           Tloc           0%         N/A       82%         3
 Animate Armour           Summ/Erth      0%         N/A       99%         4
 Manifold Assault         Tloc           0%         N/A       99%         4
 Olgreb's Toxic Radiance  Pois           0%         N/A       99%         4
 Passage of Golubria      Tloc           0%         N/A       99%         4
 Arcjolt                  Conj/Air       0%         1d10      100%        5
 Blade Hands              Tmut           0%         N/A       100%        5
 Fireball                 Conj/Fire      0%         3d3       100%        5
 Lightning Bolt           Conj/Air       0%         1d11      100%        5
 Silence                  Hex/Air        0%         N/A       100%        5
 Dispersal                Tloc           0%         N/A       100%        6
 Iron Shot                Conj/Erth      0%         9d1       100%        6
 Starburst                Conj/Fire      0%         6d3       100%        6
 Malign Gateway           Summ/Tloc      0%         N/A       100%        7
 Ozocubu's Refrigeration  Ice            0%         4d7       100%        7
 Summon Hydra             Summ           0%         N/A       100%        7
 Ignition                 Fire           0%         3d3       100%        8
 Lehudib's Crystal Spear  Conj/Erth      0%         10d2      100%        8
 Maxwell's Capacitive Co  Air            0%         ∞         100%        8
 Summon Horrible Things   Summ           0%         N/A       100%        8


Dungeon Overview and Level Annotations

Branches:
Dungeon (15/15)            Temple (0/1) D:6            Lair (5/5) D:10
  Swamp (0/4) Lair:3        Snake (4/4) Lair:3        Slime (5/5) Lair:5
    Orc (2/2) D:12            Elf (1/3) Orc:2        Vaults (0/5) D:14
 Depths (0/4) D:15         Bailey (visited)           IceCv (visited)

Altars:
Ashenzari
Cheibriados
Dithmenos
Gozag
Hepliaklqana
Kikubaaqudgha
Makhleb
Okawaru
Qazlal
Sif Muna
Trog
Uskayaw
Wu Jian
Xom
Yredelemnul
Jiyva

Shops:
D:12 *   D:14 (   D:15 (   Orc:2 =([!:

Portals:
Abyss: Snake:2

Annotations:
D:6 2 runed translucent doors, valliere's ghost, amateur MeGl
D:10 Erolcha
D:15 Roxanne
Snake:2 1 transporter, valliere's ghost, journeyman GrFi
Snake:3 3 runed translucent doors, Buttons840's ghost, adept MfIE; Donald; valliere's ghost, journeyman DsNe
Snake:4 1 runed translucent door, Tollund's ghost, adept TeAE
Slime:5 Royal Jelly


Innate Abilities, Weirdness & Mutations

You have a pair of large horns on your head.
You have an unnaturally thin skeletal structure. (Dex +6, Stealth+++)
A powerful demonic guardian rushes to your aid.
A meltable shield of frost defends you. (SH +4)
You have razor-sharp teeth.
You have large cloven feet.
You have supernaturally acute eyesight. (SInv)
Your flesh is cold resistant. (rC+)
Your flesh is almost immune to the effects of heat. (rF+++)
You are covered in fur. (AC +1)
Your body has grown eyes which may confuse attackers. (Acc +3)
Your translucent skin slightly reduces your foes' accuracy. (Stealth+)
You have hidden genetic potential.
You expend magic power (3 MP) to strengthen your wands.
Your melee attacks may engulf your foes in ooze.


Message History

The arrow misses you.
The wall burns the nagaraja!
Fire: X) +4 arbalest (flame)
Press: ? - help, Shift-Dir - straight line, f/p - naga sharpshooter
Aim: a naga sharpshooter, wielding a +0 longbow (heavily wounded, 79% to hit)
You shoot a bolt. The bolt hits the naga sharpshooter!
The bolt burns the naga sharpshooter.
The naga sharpshooter is heavily wounded.
You feel sick.
The walls burn the naga sharpshooter!
The naga sharpshooter shoots an arrow.
The arrow completely misses you.
Fire: X) +4 arbalest (flame)
Press: ? - help, Shift-Dir - straight line, f/p - naga sharpshooter
Aim: a naga sharpshooter, wielding a +0 longbow (severely wounded, 79% to hit)
You shoot a bolt.
The bolt closely misses the naga sharpshooter.
You feel sick.
The walls burn the naga sharpshooter!
Fire: X) +4 arbalest (flame)
Press: ? - help, Shift-Dir - straight line, f/p - naga sharpshooter
Aim: a naga sharpshooter, wielding a +0 longbow (severely wounded, 79% to hit)
You shoot a bolt. The bolt hits the nagaraja!!!
The bolt burns the nagaraja!
The nagaraja is severely wounded.
You feel sick.
The walls burn the nagaraja!
The walls burn the naga sharpshooter!
The naga sharpshooter casts a spell.
The naga sharpshooter magically shoots an arrow.
The arrow completely misses you.
Fire: X) +4 arbalest (flame)
Press: ? - help, Shift-Dir - straight line, f/p - naga sharpshooter
Aim: a naga sharpshooter, wielding a +0 longbow (severely wounded, 79% to hit)
You feel sick.
The walls burn the nagaraja!
You feel sick.
The walls burn the nagaraja!
The nagaraja spits poison at you.
The splash of poison hits you but does no damage.
You are more poisoned.
The walls burn the nagaraja!
The nagaraja points at you and mumbles some strange words.
The poison arrow hits you!!!
You are more poisoned.
* * * LOW HITPOINT WARNING * * *
You shudder from the blast and a jelly pops out!
You die...

...###....###......#..###....#
#.......###...#....##.# ##..##
#...8...#. .###...#### #..#
#.......#.# # ###..## ##.#
#.8...8.#..####..##.##
#.......##....#..###.##
#...8...# #....### ##.#####
###.......###...## ##.##.#
##†...###...##..@## ##..##
..)).##.##...#....## #### .
.8..##...#...##J...## ####8##...
..###....##...#.....###)....)..)
#.#.......#...#.....NN.N)..)...⌠
#.........##..##......###...)...
#..........#...#....### #8##.).
#........###.<.#....# .# #.
.##....#####...#...#.# #


You could see a nagaraja (fast, catching breath, ally target), a naga
sharpshooter and a friendly rockslime (summoned).

Vanquished Creatures
  Nikola (Snake:4)
  Asterion (Snake:4)
  2 nagarajas (Snake:4)
  Azrael (D:13)
  A deep elf death mage (Elf:1)
  Snorg (Lair:4)
  2 fire dragons (D:15)
  2 salamander tyrants
  Fannar (Lair:2)
  3 hydras
  A merfolk avatar (Lair:5)
  3 ogre magi
  2 centaur warriors
  3 catoblepae
  8 anacondas
  5 boulder beetles
  2 tengu warriors
  10 two-headed ogres
  4 dancing weapons (Elf:1)
  8 death yaks
  9 naga warriors
  15 naga sharpshooters
  An orc high priest (Orc:2)
  7 shock serpents
  Sonja (Orc:2)
  5 deep elf knights
  2 wretched stars (Abyss:3)
  A salamander mystic (Snake:2)
  A fire crab (shapeshifter) (D:13)
  2 sea snakes (Lair:5)
  7 naga ritualists
  3 wizards
  4 deep elf archers
  4 bog bodies (Lair:3)
  2 harpies (Lair:5)
  A necromancer (D:15)
  13 deep elf zephyrmancers (Elf:1)
  A lindwurm (Lair:3)
  9 ugly things
  4 orc sorcerers (Orc:2)
  A wolf spider (D:15)
  8 mana vipers
  17 deep elf pyromancers
  A manticore (Lair:5)
  9 cyclopes
  20 salamanders
  7 elephants
  3 guardian serpents
  36 black mambas
  14 cane toads
  Maurice (D:10)
  15 naga magi
  3 torpor snails
  2 unseen horrors (D:10)
  A gargoyle (D:12)
  2 centaur skeletons (D:15)
  5 rime drakes
  16 komodo dragons
  3 yaktaurs (D:15)
  5 kobold demonologists (D:10)
  An efreet (Abyss:3)
  An anaconda simulacrum (IceCv)
  6 ice devils (IceCv)
  A tengu conjurer (D:14)
  A freezing wraith (D:15)
  A queen bee (Lair:2)
  9 trolls
  3 hornets
  6 polar bears
  7 blink frogs
  A dream sheep (Lair:1)
  2 snapping turtles (Lair:5)
  5 wyverns
  4 shadows
  An air elemental (Orc:2)
  42 yaks
  3 wraiths
  2 fire elementals (D:13)
  A basilisk (Lair:3)
  2 steam dragons
  6 vampire mosquitoes
  2 swamp worms (Lair:3)
  A warg (Orc:1)
  38 nagas
  An acid dragon (D:14)
  A harpy simulacrum (IceCv)
  Duvessa (D:5)
  2 hell hounds (D:13)
  19 water moccasins
  A meliai simulacrum (D:15)
  18 orc warriors
  An ice beast (D:5)
  A small abomination (Abyss:3)
  2 black bears (Lair:4)
  13 ogres
  6 centaurs
  9 kobold brigands
  12 bullfrogs
  Blork the orc (D:4)
  2 gnoll sergeants
  2 scorpions
  A two-headed ogre simulacrum (IceCv)
  5 wights (D:10)
  Dowan (D:5)
  2 elephant simulacra (IceCv)
  38 killer bees
  4 electric eels
  A gnoll bouda (D:7)
  17 orc priests
  9 hounds
  Jessica (D:2)
  3 iguanas
  22 orc wizards
  Terence (D:3)
  2 spriggan simulacra (IceCv)
  2 troll simulacra (IceCv)
  6 hell rats (Lair:3)
  A polar bear simulacrum (IceCv)
  2 wolf simulacra (IceCv)
  17 gnolls
  4 naga simulacra (IceCv)
  5 adders
  A shadow imp (D:5)
  5 white imps
  An ufetubus (IceCv)
  2 worms
  3 dart slugs (D:1)
  39 orcs
  11 ball pythons
  A bat (D:2)
  4 giant cockroaches
  7 goblins
  5 hobgoblins
  A jackal (D:2)
  37 kobolds
  2 quokkas
  A frilled lizard (D:1)
  4 rats
828 creatures vanquished.

Vanquished Creatures (collateral kills)
  An orc warlord (Bailey)
  A reaper (IceCv)
  Josephine (Lair:4)
  3 hydras
  A death yak (Lair:2)
  A shock serpent (Snake:2)
  A mana viper (Snake:3)
  A salamander (Snake:2)
  2 ice statues (IceCv)
  An elephant (Lair:2)
  A rime drake (Lair:2)
  A komodo dragon (Lair:2)
  2 yaktaurs (D:15)
  A blink frog (Lair:4)
  A dream sheep (Lair:1)
  4 wraiths (Lair:4)
  A fire elemental (Elf:1)
  A hydra simulacrum (IceCv)
  3 orc warriors
  2 orc priests (D:7)
  A spriggan simulacrum (IceCv)
  A gnoll (Bailey)
  An ufetubus (IceCv)
  A goblin (Bailey)
  A hobgoblin (Bailey)
35 creatures vanquished.

Vanquished Creatures (others)
  3 deep elf knights (Elf:1)
  A manticore (D:12)
  An ugly thing (D:12)
  A guardian serpent (Snake:2)
  5 slime creatures
  A troll (D:12)
  A blink frog (shapeshifter) (D:13)
  3 vampire mosquitoes (D:13)
  2 nagas (Snake:3)
  2 hell hounds (D:13)
  A black bear (D:4)
  A phantom (D:5)
  2 bullfrogs
  85 jellies
  An orc priest (D:11)
  An iguana (D:5)
  3 adders
  An ufetubus (IceCv)
  A worm (D:2)
  2 dart slugs
  3 endoplasms
  2 giant cockroaches
  3 goblins
  3 hobgoblins (D:1)
  3 jackals (D:2)
  2 quokkas
  A ball python (D:2)
  2 bats
  3 kobolds
  2 rats (D:1)
  87 fungi
  228 plants
457 creatures vanquished.

Grand Total: 1320 creatures vanquished

Notes
Turn   | Place    | Note
-------+----------+-------------------------------------------
     0 | D:1      | freelancePsychic the Demonspawn Wanderer began the quest
                  | for the Orb.
     0 | D:1      | freelancePsychic set off with the following items: a +3
                  | hand axe, a +0 sling, a scroll of fear, a +0 robe.
     0 | D:1      | Reached XP level 1. HP: 16/16 MP: 1/1
   156 | D:1      | Gained mutation: You have a pair of small horns on your
                  | head. [demonic ancestry]
   156 | D:1      | Reached XP level 2. HP: 22/22 MP: 2/2
   156 | D:1      | Found a faded altar of an unknown god.
   190 | D:1      | Prayed at the altar of an unknown god.
   190 | D:1      | Became a worshipper of Jiyva Jimityol the Shapeless
   190 | D:1      | Reached * piety under Jiyva
   204 | D:1      | Reached skill level 1 in Stealth
   761 | D:2      | Reached ** piety under Jiyva
   834 | D:2      | Gained mutation: You have a pair of horns on your head.
                  | [demonic ancestry]
   834 | D:2      | Reached XP level 3. HP: 27/27 MP: 3/3
   920 | D:2      | Noticed Jessica
   979 | D:3      | Found an opulent altar of Gozag.
  1006 | D:3      | Found a shimmering altar of Xom.
  1011 | D:3      | Found a shimmering altar of Xom.
  1013 | D:3      | Found a shimmering altar of Xom.
  1143 | D:2      | Killed Jessica
  1144 | D:2      | Gained mutation: A meltable shield of frost defends you.
                  | (SH +4) [demonic ancestry]
  1144 | D:2      | Reached XP level 4. HP: 30/33 MP: 4/4
  1910 | D:3      | Noticed Terence
  1917 | D:3      | Killed Terence
  1918 | D:3      | Gained mutation: You have a somewhat thin skeletal
                  | structure. (Dex +2, Stealth+) [demonic ancestry]
  1918 | D:3      | Reached XP level 5. HP: 29/38 MP: 5/5
  1996 | D:3      | Reached *** piety under Jiyva
  2088 | D:4      | Noticed a black bear
  2515 | D:4      | Noticed Blork the orc
  2517 | D:4      | Killed Blork the orc
  2525 | D:4      | Found a shimmering blue altar of Sif Muna.
  2660 | D:4      | Killed a black bear
  2663 | D:5      | Entered Level 5 of the Dungeon
  2681 | D:5      | Noticed Duvessa
  2691 | D:5      | Reached skill level 5 in Ranged Weapons
  2692 | D:5      | Killed a phantom
  2694 | D:5      | Killed Duvessa
  2695 | D:5      | Gained mutation: A weak demonic guardian rushes to your
                  | aid. [demonic ancestry]
  2695 | D:5      | Reached XP level 6. HP: 36/44 MP: 6/6
  2699 | D:5      | Noticed Dowan
  2702 | D:5      | Killed Dowan
  2891 | D:5      | Gained mutation: You are agile. (Dex +4, Str/Int -1)
                  | [Jiyva's grace]
  2891 | D:5      | Gained mutation: You are very agile. (Dex +8, Str/Int -2)
                  | [Jiyva's grace]
  2891 | D:5      | Gained mutation: You have a small jelly attached to you
                  | that senses nearby items. [Jiyva's grace]
  2891 | D:5      | Gained mutation: Your flesh is heat resistant. (rF+)
                  | [Jiyva's grace]
  2923 | D:5      | Identified the +0 pair of boots of the Stallion {-Tele
                  | Rampage rN+ Int+5}
  2948 | D:5      | Found a stormy altar of Qazlal.
  2972 | D:5      | Gained mutation: You have a moderately thin skeletal
                  | structure. (Dex +4, Stealth++) [demonic ancestry]
  2972 | D:5      | Reached XP level 7. HP: 48/50 MP: 7/7
  2977 | D:5      | Reached **** piety under Jiyva
  3227 | D:5      | Found a bloodstained altar of Trog.
  3264 | D:5      | Found a shadowy altar of Dithmenos.
  3328 | D:5      | Found an ornate altar of the Wu Jian Council.
  3794 | D:6      | Identified the +3 plate armour of the Bull {rPois rC- Int+5
                  | Dex+4}
  3887 | D:6      | Found a runed translucent door.
  3942 | D:6      | Noticed valliere's ghost (amateur MeGl)
  4008 | D:6      | Found a runed translucent door.
  4035 | D:6      | Reached ***** piety under Jiyva
  4056 | D:6      | Found a staircase to the Ecumenical Temple.
  4328 | D:7      | Gained mutation: A demonic guardian rushes to your aid.
                  | [demonic ancestry]
  4328 | D:7      | Reached XP level 8. HP: 57/58 MP: 4/8
  4464 | D:7      | Noticed a hornet
  4622 | D:7      | Found a snail-covered altar of Cheibriados.
  4666 | D:7      | Lost mutation: Your flesh is heat resistant. (rF+) [Jiyva's
                  | grace]
  4666 | D:7      | Lost mutation: You have a small jelly attached to you that
                  | senses nearby items. [Jiyva's grace]
  4666 | D:7      | Gained mutation: Your translucent skin slightly reduces
                  | your foes' accuracy. (Stealth+) [Jiyva's grace]
  4666 | D:7      | Gained mutation: Your translucent skin reduces your foes'
                  | accuracy. (Stealth+) [Jiyva's grace]
  4666 | D:7      | Gained mutation: Your transparent skin significantly
                  | reduces your foes' accuracy. (Stealth+) [Jiyva's grace]
  4666 | D:7      | Gained mutation: Your movements are slightly less
                  | encumbered by armour. (ER -2) [Jiyva's grace]
  4868 | D:7      | Killed a hornet
  4869 | D:7      | Reached skill level 5 in Fighting
  4869 | D:7      | Gained mutation: You have a pair of large horns on your
                  | head. [demonic ancestry]
  4869 | D:7      | Reached XP level 9. HP: 68/68 MP: 9/9
  4986 | D:8      | Found a broken altar of Ashenzari.
  5299 | D:8      | Reached skill level 5 in Dodging
  5314 | D:8      | Found a basalt altar of Yredelemnul.
  5356 | D:8      | Found a hazy altar of Hepliaklqana.
  5457 | D:8      | Reached skill level 10 in Ranged Weapons
  5585 | D:9      | Gained mutation: A powerful demonic guardian rushes to your
                  | aid. [demonic ancestry]
  5585 | D:9      | Reached XP level 10. HP: 58/77 MP: 10/10
  5601 | D:9      | Found a flagged portal.
  5626 | Bailey   | Entered a bailey
  5631 | Bailey   | Noticed an orc warlord
  5687 | Bailey   | Found a runed translucent gate.
  5687 | Bailey   | Found a runed translucent gate.
  5687 | Bailey   | Found a runed translucent gate.
  5721 | Bailey   | Killed an orc warlord
  5764 | Bailey   | Identified the +1 leather armour "Teuceone" {Rampage +Blink
                  | rCorr}
  5859 | Bailey   | Reached XP level 11. HP: 87/87 MP: 11/11
  6140 | D:9      | Noticed a two-headed ogre
  6144 | D:9      | Killed a two-headed ogre
  6154 | D:9      | Found a burning altar of Makhleb.
  6265 | D:9      | Noticed a wizard
  6268 | D:9      | Killed a wizard
  6481 | D:10     | Entered Level 10 of the Dungeon
  6609 | D:10     | Found an ancient bone altar of Kikubaaqudgha.
  6682 | D:10     | Noticed a sun demon
  6687 | D:10     | Noticed a soul eater
  6695 | D:10     | Noticed a sixfirhy
  6700 | D:10     | Gained mutation: You occasionally shout uncontrollably at
                  | your foes. [a neqoxec]
  6701 | D:10     | Gained mutation: Your spells are a little harder to cast,
                  | but a little more powerful. [a neqoxec]
  6777 | D:10     | Noticed Maurice
  6784 | D:10     | Killed Maurice
  6785 | D:10     | Reached XP level 12. HP: 96/96 MP: 12/12
  6943 | D:10     | Lost mutation: You occasionally shout uncontrollably at
                  | your foes. [Jiyva's grace]
  6943 | D:10     | Lost mutation: Your transparent skin significantly reduces
                  | your foes' accuracy. (Stealth+) [Jiyva's grace]
  6943 | D:10     | Lost mutation: Your translucent skin reduces your foes'
                  | accuracy. (Stealth+) [Jiyva's grace]
  6943 | D:10     | Gained mutation: You have supernaturally acute eyesight.
                  | (SInv) [Jiyva's grace]
  6943 | D:10     | Gained mutation: Your melee attacks may engulf your foes in
                  | ooze. [Jiyva's grace]
  6943 | D:10     | Gained mutation: You have acidic saliva. [Jiyva's grace]
  6943 | D:10     | Gained mutation: Your mind is acute. (Int +4, Str/Dex -1)
                  | [Jiyva's grace]
  6951 | D:10     | Found a staircase to the Lair.
  6974 | D:10     | Noticed Erolcha
  6987 | D:10     | Found an iron altar of Okawaru.
  7263 | D:11     | Found a frozen archway.
  7274 | IceCv    | Entered an ice cave
  7598 | IceCv    | Reached skill level 10 in Fighting
  7603 | IceCv    | Noticed a reaper
  7610 | IceCv    | HP: 1/97 [reaper/+0 scythe of freezing (14)]
  7610 | IceCv    | Killed a reaper
  8205 | D:11     | Lost mutation: You are very agile. (Dex +8, Str/Int -2)
                  | [Jiyva's grace]
  8205 | D:11     | Lost mutation: You have acidic saliva. [Jiyva's grace]
  8205 | D:11     | Lost mutation: Your melee attacks may engulf your foes in
                  | ooze. [Jiyva's grace]
  8205 | D:11     | Gained mutation: You are covered in slimy tendrils that may
                  | disarm your opponents. [Jiyva's grace]
  8205 | D:11     | Gained mutation: You are strong-willed. (Will+) [Jiyva's
                  | grace]
  8205 | D:11     | Gained mutation: You are highly strong-willed. (Will++)
                  | [Jiyva's grace]
  8205 | D:11     | Gained mutation: You are extremely strong-willed. (Will+++)
                  | [Jiyva's grace]
  8741 | D:12     | Reached ****** piety under Jiyva
  8742 | D:12     | Found Zaimiun's Assorted Antiques.
  8749 | D:12     | Bought a lumpy silvery potion for 21 gold pieces
  8749 | D:12     | Bought a clear potion for 21 gold pieces
  8749 | D:12     | Bought a scroll of identify for 48 gold pieces
  8793 | D:12     | Noticed a boulder beetle
  8799 | D:12     | Killed a boulder beetle
  8932 | D:12     | Identified the +10 dagger "Vimicw" {flame, +Blink MP+9}
  9048 | D:12     | Found a staircase to the Orcish Mines.
  9319 | D:13     | Reached XP level 13. HP: 103/105 MP: 13/13
  9379 | Lair:1   | Entered Level 1 of the Lair of Beasts
  9529 | Lair:1   | Reached skill level 10 in Dodging
  9549 | Lair:1   | Reached skill level 15 in Ranged Weapons
  9662 | Lair:1   | Lost mutation: You are extremely strong-willed. (Will+++)
                  | [Jiyva's grace]
  9662 | Lair:1   | Lost mutation: Your movements are slightly less encumbered
                  | by armour. (ER -2) [Jiyva's grace]
  9662 | Lair:1   | Gained mutation: Your body has grown eyes which may confuse
                  | attackers. (Acc +3) [Jiyva's grace]
  9662 | Lair:1   | Gained mutation: Your body has grown many eyes which may
                  | confuse attackers. (Acc +5) [Jiyva's grace]
  9662 | Lair:1   | Gained mutation: Your body is covered in eyes which may
                  | confuse attackers. (Acc +7, SInv) [Jiyva's grace]
  9662 | Lair:1   | Gained mutation: Your mind is very acute. (Int +8, Str/Dex
                  | -2) [Jiyva's grace]
  9770 | Lair:1   | Found an ornate altar of the Wu Jian Council.
  9774 | Lair:1   | Found a hide-covered altar of Uskayaw.
 10202 | Lair:2   | Noticed Fannar
 10214 | Lair:2   | Killed Fannar
 10215 | Lair:2   | Reached skill level 1 in Armour
 11208 | Lair:3   | Found a staircase to the Snake Pit.
 11387 | Lair:3   | Lost mutation: You are agile. (Dex +4, Str/Int -1) [Jiyva's
                  | grace]
 11387 | Lair:3   | Lost mutation: Your mind is very acute. (Int +8, Str/Dex
                  | -2) [Jiyva's grace]
 11387 | Lair:3   | Lost mutation: Your body is covered in eyes which may
                  | confuse attackers. (Acc +7, SInv) [Jiyva's grace]
 11387 | Lair:3   | Gained mutation: You are resistant to electric shocks.
                  | (rElec) [Jiyva's grace]
 11387 | Lair:3   | Gained mutation: You have hidden genetic potential.
                  | [Jiyva's grace]
 11387 | Lair:3   | Gained mutation: You have great hidden genetic potential.
                  | [Jiyva's grace]
 11387 | Lair:3   | Gained mutation: Your flesh is cold resistant. (rC+)
                  | [Jiyva's grace]
 11563 | Lair:3   | Reached XP level 14. HP: 111/115 MP: 14/14
 11614 | Lair:3   | Found a staircase to the Swamp.
 12057 | Lair:4   | Noticed Snorg
 12080 | Lair:4   | Reached skill level 5 in Armour
 12086 | Lair:4   | Killed Snorg
 12443 | Lair:4   | Noticed Josephine
 12453 | Lair:4   | Killed Josephine
 12878 | Lair:5   | Entered Level 5 of the Lair of Beasts
 13060 | Lair:5   | Gained mutation: You expend magic power (3 MP) to
                  | strengthen your wands. [hidden potential]
 13130 | Lair:5   | Lost mutation: Your mind is acute. (Int +4, Str/Dex -1)
                  | [Jiyva's grace]
 13130 | Lair:5   | Lost mutation: You are highly strong-willed. (Will++)
                  | [Jiyva's grace]
 13130 | Lair:5   | Lost mutation: You are resistant to electric shocks.
                  | (rElec) [Jiyva's grace]
 13130 | Lair:5   | Gained mutation: Your muscles are strong. (Str +4, Int/Dex
                  | -1) [Jiyva's grace]
 13130 | Lair:5   | Gained mutation: Your muscles are very strong. (Str +8,
                  | Int/Dex -2) [Jiyva's grace]
 13130 | Lair:5   | Gained mutation: Your body is covered in eyes which may
                  | confuse attackers. (Acc +7, SInv) [Jiyva's grace]
 13130 | Lair:5   | Gained mutation: Your translucent skin reduces your foes'
                  | accuracy. (Stealth+) [Jiyva's grace]
 13329 | Lair:5   | Found a staircase to the Slime Pits.
 13329 | Lair:5   | Found a viscous altar of Jiyva.
 13345 | Slime:1  | Entered Level 1 of the Pits of Slime
 13360 | Slime:2  | Noticed a rockslime
 13361 | Slime:2  | Noticed a quicksilver ooze
 13361 | Slime:2  | Noticed an acid blob
 13371 | Slime:4  | Noticed a rockslime
 13380 | Slime:5  | Entered Level 5 of the Pits of Slime
 13395 | Slime:5  | Found a viscous altar of Jiyva.
 13395 | Slime:5  | Noticed an acid blob
 13396 | Slime:5  | Found the macabre finger necklace {rN+}
 13396 | Slime:5  | Noticed an acid blob
 13397 | Slime:5  | Noticed an acid blob
 13397 | Slime:5  | Noticed an acid blob
 13398 | Slime:5  | Noticed a rockslime
 13399 | Slime:5  | Identified the ring of Ignis, Scorching {rElec rPois rN++
                  | Str+4 Int-4}
 13399 | Slime:5  | Noticed the Royal Jelly
 13401 | Slime:5  | Noticed an acid blob
 13402 | Slime:5  | Got a slimy rune of Zot
 13403 | Slime:5  | Noticed an acid blob
 13406 | Slime:5  | Noticed a rockslime
 13406 | Slime:5  | Noticed an azure jelly
 13409 | Slime:5  | Identified the ring of Loete {rC++ Will- rCorr Int+6 SInv}
 13418 | Slime:5  | Identified the +9 battleaxe "Hellblazer" {freeze, MP+9}
 13426 | Slime:5  | Identified the +6 falchion of the Mind {vorpal, rN++ Int+4
                  | Dex+4 Stlth-}
 13428 | Slime:5  | Identified the amulet of Amiple {RegenMP rF++ rC+ rCorr}
 13443 | Slime:5  | Identified the +6 long sword of Hubris {venom, rN+ Stlth+}
 13486 | Slime:5  | Noticed an acid blob
 13502 | Slime:5  | Noticed an acid blob
 13504 | Slime:5  | Noticed an azure jelly
 13511 | Slime:5  | Noticed an acid blob
 13527 | Slime:5  | Noticed a quicksilver ooze
 13626 | Slime:5  | Noticed a rockslime
 13636 | Slime:5  | Noticed an acid blob
 13660 | Slime:4  | Noticed an acid blob
 13688 | Slime:1  | Noticed an azure jelly
 13690 | Slime:1  | Noticed an azure jelly
 13886 | Lair:5   | Reached XP level 15. HP: 124/124 MP: 15/15
 14683 | Orc:1    | Entered Level 1 of the Orcish Mines
 14912 | Orc:2    | Entered Level 2 of the Orcish Mines
 14919 | Orc:2    | Found Puttaob's Book Shoppe.
 14978 | Orc:2    | Found a staircase to the Elven Halls.
 14978 | Orc:2    | Noticed Sonja
 14980 | Orc:2    | Killed Sonja
 15200 | Orc:2    | Found Qoh Faem's Weapon Shop.
 15200 | Orc:2    | Found Zigak's Jewellery Shop.
 15201 | Orc:2    | Found Vepuon's Antique Armour Boutique.
 15205 | Orc:2    | Found Peeleel's Distillery.
 15527 | Elf:1    | Entered Level 1 of the Elven Halls
 15602 | Elf:1    | Paralysed by an air elemental for 1 turns
 15859 | Elf:1    | Gained mutation: You are covered in fur. (AC +1) [hidden
                  | potential]
 15859 | Elf:1    | Lost mutation: You have great hidden genetic potential.
                  | [hidden potential expressed]
 15946 | Elf:1    | Lost mutation: You are strong-willed. (Will+) [Jiyva's
                  | grace]
 15946 | Elf:1    | Lost mutation: Your muscles are very strong. (Str +8,
                  | Int/Dex -2) [Jiyva's grace]
 15946 | Elf:1    | Lost mutation: Your spells are a little harder to cast, but
                  | a little more powerful. [Jiyva's grace]
 15946 | Elf:1    | Lost mutation: You are covered in slimy tendrils that may
                  | disarm your opponents. [Jiyva's grace]
 15946 | Elf:1    | Gained mutation: You have sharp toenails. [Jiyva's grace]
 15946 | Elf:1    | Gained mutation: You have razor-sharp toenails. [Jiyva's
                  | grace]
 15946 | Elf:1    | Gained mutation: You have claws for feet. [Jiyva's grace]
 15946 | Elf:1    | Gained mutation: Your melee attacks may engulf your foes in
                  | ooze. [Jiyva's grace]
 15992 | Elf:1    | Noticed a deep elf sorcerer
 16405 | D:13     | Noticed Azrael
 16415 | D:13     | Killed Azrael
 16711 | D:14     | Found Gehic's Antique Weapon Shoppe.
 16718 | D:14     | Bought a runed arbalest for 307 gold pieces
 16723 | D:14     | You fall into a shaft and drop 1 floor!
 16723 | D:15     | Entered Level 15 of the Dungeon
 16740 | D:15     | Reached skill level 15 in Fighting
 16808 | D:15     | Identified the +2 ring mail of the Dragon {-Tele rN+ rCorr
                  | Int+5}
 16818 | D:15     | Reached XP level 16. HP: 136/136 MP: 16/16
 16873 | D:15     | Paralysed by an ogre mage for 5 turns
 16953 | D:15     | Found Denaruza's Weapon Shoppe.
 17200 | Abyss:3  | Cast into level 3 of the Abyss (a wizard)
 17263 | D:15     | Escaped the Abyss
 17328 | D:15     | Found a staircase to the Depths.
 17371 | D:15     | Noticed Roxanne
 17702 | D:14     | Found a gate to the Vaults.
 17721 | D:14     | Identified the +8 spear "Impbane" {holy, rPois rF++ Dex-2
                  | SInv}
 17749 | D:14     | Gained mutation: Your mind is acute. (Int +4, Str/Dex -1)
                  | [hidden potential]
 18254 | Snake:1  | Entered Level 1 of the Snake Pit
 18553 | Snake:1  | Lost mutation: Your mind is acute. (Int +4, Str/Dex -1)
                  | [Jiyva's grace]
 18553 | Snake:1  | Lost mutation: Your muscles are strong. (Str +4, Int/Dex
                  | -1) [Jiyva's grace]
 18553 | Snake:1  | Lost mutation: Your body is covered in eyes which may
                  | confuse attackers. (Acc +7, SInv) [Jiyva's grace]
 18553 | Snake:1  | Lost mutation: Your translucent skin reduces your foes'
                  | accuracy. (Stealth+) [Jiyva's grace]
 18553 | Snake:1  | Gained mutation: You have very sharp teeth. [Jiyva's grace]
 18553 | Snake:1  | Gained mutation: You have extremely sharp teeth. [Jiyva's
                  | grace]
 18553 | Snake:1  | Gained mutation: You have razor-sharp teeth. [Jiyva's
                  | grace]
 18553 | Snake:1  | Gained mutation: Armour fits poorly on your pseudopods.
                  | [Jiyva's grace]
 18847 | Snake:1  | You fall into a shaft and drop 1 floor!
 18946 | Snake:2  | Found a one-way gate to the infinite horrors of the Abyss.
 18949 | Snake:2  | Noticed valliere's ghost (journeyman GrFi)
 18950 | Snake:2  | Noticed a Hell Sentinel
 18980 | Snake:2  | Found a transporter.
 18994 | Snake:2  | Identified the +1 pair of gloves "Moinushri" {+Blink rElec
                  | rC+ Stlth+}
 19052 | Snake:2  | Found a transporter.
 19212 | Snake:2  | Gained mutation: You have an unnaturally thin skeletal
                  | structure. (Dex +6, Stealth+++) [demonic ancestry]
 19212 | Snake:2  | Reached XP level 17. HP: 147/147 MP: 17/17
 20059 | Snake:3  | Reached skill level 15 in Dodging
 20166 | Snake:3  | Found a runed translucent gate.
 20166 | Snake:3  | Found a runed translucent gate.
 20166 | Snake:3  | Found a runed translucent gate.
 20167 | Snake:3  | Noticed valliere's ghost (journeyman DsNe)
 20168 | Snake:3  | Noticed Buttons840's ghost (adept MfIE)
 20266 | Snake:3  | Noticed Donald
 20346 | Snake:4  | Entered Level 4 of the Snake Pit
 20395 | Snake:4  | Noticed Asterion
 20408 | Snake:4  | Killed Asterion
 20489 | Snake:4  | Lost mutation: You have claws for feet. [Jiyva's grace]
 20489 | Snake:4  | Lost mutation: Your body has grown many eyes which may
                  | confuse attackers. (Acc +5) [Jiyva's grace]
 20489 | Snake:4  | Lost mutation: Armour fits poorly on your pseudopods.
                  | [Jiyva's grace]
 20489 | Snake:4  | Gained mutation: Your flesh is heat resistant. (rF+)
                  | [Jiyva's grace]
 20489 | Snake:4  | Gained mutation: Your flesh is very heat resistant. (rF++)
                  | [Jiyva's grace]
 20489 | Snake:4  | Gained mutation: Your flesh is almost immune to the effects
                  | of heat. (rF+++) [Jiyva's grace]
 20489 | Snake:4  | Lost mutation: You have razor-sharp toenails. [Jiyva's
                  | grace]
 20489 | Snake:4  | Lost mutation: You have sharp toenails. [Jiyva's grace]
 20489 | Snake:4  | Gained mutation: You have large cloven feet. [Jiyva's
                  | grace]
 20511 | Snake:4  | Found a runed translucent door.
 20511 | Snake:4  | Noticed Tollund's ghost (adept TeAE)
 20750 | Snake:4  | Noticed Nikola
 20757 | Snake:4  | Killed Nikola
 20848 | Snake:4  | HP: 3/151 [nagaraja/poison arrow (37)]
 20849 | Snake:4  | Succumbed to a nagaraja's poison arrow

Illustrated notes

Levels and vault maps discovered:
D:1:      dpeg_arrival_tiny_d, layout_loops_ring,
          ebering_ecumenical_altar_ruins, st_stairs_1,
          chequers_serial_rivers_small_b
D:2:      layout_loops_ring, grunt_ministairs_2, uniq_jessica
D:3:      layout_basic, xom_redecorated, lemuel_tele_altar, uniq_terence
D:4:      layout_gridville, tgw_sif
D:5:      kennysheep_six_static_rooms, layout_basic, old_standard_altar,
          mainiacjoe_overflow_chevrons, nicolae_wu_jian_immortal_techniques,
          nicolae_dithmenos_the_darkroom, serial_bayou, serial_bayou_pond_a,
          serial_bayou_pond_a, serial_bayou_pond_c, serial_bayou_pond_e,
          uniq_duvessa
D:6:      layout_cave_pools, mainiacjoe_overflow_brackets, temple_fountains,
          ebering_ghost_sewer_f
D:7:      layout_basic, mainiacjoe_overflow_24_doors
D:8:      layout_loops_cross, mainiacjoe_overflow_tiny_flanked,
          amcnicky_altar_gilded, old_standard_altar, glass_columns_a
D:9:      layout_loops_cross, makhleb_altar_promises_db, enter_bailey_2,
          minmay_microvault
D:10:     layout_basic, lemuel_crystal_altar, okawaru_trees_1,
          mainiacjoe_overflow_concentric_impassable, lair_entry_dummy,
          serial_shops, nicolae_shop_crystal, dreamdust_princess_corridor,
          uniq_maurice, uniq_erolcha
D:11:     layout_layer_cave, portal_ice_cave_entry_pillars_1
D:12:     layout_roguey, kennysheep_orc_monster_closet_entryway, serial_shops,
          nicolae_stop_n_shop_2
D:13:     layout_loops_ring, uniq_azrael
D:14:     layout_roguey, david_vaults_2, serial_shops, nicolae_shop_trees,
          hangedman_decor_opposing
D:15:     grunt_enter_depths_magical_seal, layout_rooms,
          dreamdust_mushroom_princess, serial_shops,
          nicolae_shop_bloodbath_and_beyond, uniq_roxanne
Lair:1:   layout_regular_city, eino_small_chamber_without_monster,
          chequers_serial_rivers_small_3, wad_woods_river_03,
          nzn_masters_of_martial_movement, infiniplex_staircase_pool_2
Lair:2:   layout_roguey [special_room_bee], nicolae_lair_lil_pond,
          chequers_serial_rivers_room_b, grunt_megastairs_1,
          serial_bayou_shore_a, lemuel_fruit_fields, uniq_fannar
Lair:3:   layout_misc_corridors, nicolae_swamp_entry_splash_gauntlet,
          minmay_snake_entry_six_corridors, grunt_megastairs_3,
          serial_bayou_shore_b
Lair:4:   cheibrodos_lair_overgrown_chateau, layout_misc_corridors,
          serial_bayou_pond_c, grunt_forest_stairs_basic, uniq_snorg,
          uniq_josephine
Lair:5:   gammafunk_lair_ancient_temple, layout_layer_cave, slime_entry_1,
          grunt_forest_small_clearings, chequers_serial_rivers_large_a,
          serial_bayou_shore_b, infiniplex_staircase_pool
Snake:1:  layout_layer_cave, nicolae_snake_guarding_the_ruins
Snake:2:  layout_misc_corridors, gammafunk_ghost_abyssal_escape
Snake:3:  layout_concentric_octagons, gammafunk_ghost_cemetery,
          serial_bayou_shore_b, uniq_donald, uniq_louise
Snake:4:  hellmonk_snake_rune_quicksilver_temple, layout_chambers,
          gammafunk_ghost_grave, grunt_megastairs_4, lemuel_fruit_tree,
          uniq_vashnia, uniq_asterion, uniq_nikola
Slime:1:  layout_caves
Slime:2:  layout_caves
Slime:3:  layout_caves
Slime:4:  layout_caves, cheibrodos_slime_lost_civilization_5
Slime:5
Orc:1:    layout_caves, serial_shops
Orc:2:    st_orc_mages, layout_diamond_mine, serial_shops, nicolae_square_shop,
          special_room, uniq_sonja
Elf:1:    elf_arrival_002, layout_loops_cross, minmay_elf_sorcery

Skill      XL: |  1  2  3  4  5  6  7  8  9 10 11 12 13 14 15 16 17 |
---------------+----------------------------------------------------+-----
Ranged Weapons | 3 4 5 6 7 8 10 12 13 14 16 17 18 | 18.2
Stealth        | 1 2 3 4 |  4.0
Dodging        | 2 4 5 7 8 9 10 12 14 15 | 15.5
Fighting       | 3 5 6 8 9 10 12 13 15 17 18 | 18.4
Armour         | 4 6 7 |  7.0
Axes           | |  3.6

Action                   |  1- 3 |  4- 6 |  7- 9 | 10-12 | 13-15 | 16-18 || total
-------------------------+-------+-------+-------+-------+-------+-------++-------
 Fire: Sling             |    85 |   124 |    96 |       |       |       ||   305
       Arbalest          |       |       |   118 |   392 |   997 |   652 ||  2159
       Longbow           |       |       |       |       |   108 |       ||   108
Invok: Oozemancy         |       |     1 |     2 |     5 |     6 |     5 ||    19
       Slimify           |       |       |       |     1 |       |       ||     1
Evoke: Phantom mirror    |       |       |       |       |       |     1 ||     1
  Use: Scroll            |     4 |       |     6 |    13 |     9 |     5 ||    37
       Potion            |       |       |       |     1 |       |       ||     1
Armor: Robe              |     4 |     1 |       |       |       |       ||     5
       Ring mail         |       |    19 |    14 |    45 |    25 |       ||   103
       Troll leather arm |       |       |       |       |    66 |    38 ||   104
Dodge: Dodged            |    14 |    39 |    65 |   215 |   366 |   296 ||   995
Block: Other             |       |    26 |    59 |   111 |   132 |    27 ||   355
       Reflection        |       |       |     4 |     8 |     2 |       ||    14

Table legend: (Time is in decaauts)
 A = Elapsed time spent in this place.
 B = Non-inter-level travel time spent in this place.
 C = Inter-level travel time spent in this place.
 D = Time resting spent in this place.
 E = Time spent auto-exploring this place.
 F = Levels seen in this place.
 G = Mean time per level.
                   A        B        C        D        E       F      G
               +--------+--------+--------+--------+--------+-----+--------+
         Total |  21385 |  20088 |   1297 |    161 |  15002 |  35 |  611.0 |
       Dungeon |  10954 |  10232 |    722 |     18 |   8229 |  15 |  730.3 |
          Lair |   5171 |   4881 |    290 |      4 |   3664 |   5 | 1034.2 |
     Snake Pit |   2603 |   2526 |     77 |      0 |   1822 |   4 |  650.8 |
    Slime Pits |    349 |    239 |    110 |      0 |    157 |   5 |   69.8 |
  Orcish Mines |    930 |    857 |     73 |     49 |    614 |   2 |  465.0 |
   Elven Halls |    441 |    418 |     23 |      0 |    193 |   1 |  441.0 |
         Abyss |     63 |     63 |      0 |      0 |     36 |   1 |   63.0 |
        Bailey |    374 |    374 |      0 |     34 |    101 |   1 |  374.0 |
      Ice Cave |    496 |    496 |      0 |     56 |    186 |   1 |  496.0 |
               +--------+--------+--------+--------+--------+-----+--------+

Top non-repeatable levels by time:
  Lair:5: 1370 daAuts
    D:11: 1094 daAuts
  Lair:2: 1057 daAuts
     D:5: 1009 daAuts
  Lair:4: 968 daAuts
  Lair:1: 904 daAuts
  Lair:3: 869 daAuts
 Snake:1: 869 daAuts
     D:4: 799 daAuts
    D:10: 754 daAuts
    D:12: 754 daAuts
    D:14: 719 daAuts
     D:1: 711 daAuts
     D:2: 701 daAuts
   Orc:2: 697 daAuts
